 Dungeon Crawl Stone Soup version 0.27-a0-457-gba82baf56e (webtiles) character file.

Game seed: 1587722599094087957

107628 EldarEldrad the Severer (level 16, -1/157 HPs)
             Began as a Minotaur Berserker on Feb 28, 2021.
             Was the Champion of Trog.
             Slain by a death yak simulacrum (10 damage)
             ... in an ice cave on Mar 1, 2021.
             The game lasted 01:56:34 (28888 turns).

EldarEldrad the Severer (Minotaur Berserker)       Turns: 28888, Time: 01:56:35

Health: -1/157     AC: 25    Str: 33    XL:     16   Next: 0%
Magic:  15/15      EV: 15    Int:  4    God:    Trog [******]
Gold:   1056       SH:  7    Dex: 15    Spells: 15/15 levels left

rFire    . . .     SeeInvis .   a - +7 broad axe of Ziladudu {flame, rC+ Str+5 Dex+4 Stlth+}
rCold    + + .     Faith    .   n - +0 buckler
rNeg     + . .     Spirit   .   t - +0 plate armour
rPois    .         Reflect  .   Q - +1 hat
rElec    .         Harm     .   K - +2 cloak {Will+}
rCorr    .         Rampage  .   R - +2 pair of gloves
Will     ++...                  (no boots)
Stlth    ..........             P - amulet of regeneration
HPRegen  1.36/turn              F - ring of positive energy
MPRegen  0.14/turn              w - ring of protection from cold

@: berserk cooldown, slowed, studying Shields, very slow
A: retaliatory headbutt, horns 2
a: Renounce Religion, Berserk, Trog's Hand, Brothers in Arms


You were in an ice cave.
You worshipped Trog.
Trog was exalted by your worship.
You visited 5 branches of the dungeon, and saw 25 of its levels.
You visited 1 bazaar.
You also visited: Bailey and Ice Cave.

You collected 3021 gold pieces.
You spent 1965 gold pieces at shops.

Inventory:

Hand Weapons
 a - the +7 broad axe of Ziladudu (weapon) {flame, rC+ Str+5 Dex+4 Stlth+}
   (Trog gifted it to you on level 9 of the Dungeon)

   It has been specially enchanted to burn those struck by it, causing extra
   injury to most foes and up to half again as much damage against particularly
   susceptible opponents.
   Big, fiery blades are also staple armaments of hydra-hunters.
   It affects your strength (+5).
   It affects your dexterity (+4).
   It protects you from cold.
   It makes you more stealthy.
 b - the +6 broad axe of Precise Incision {antimagic, rC+ Stlth+}
   (You bought it in a shop on level 2 of the Orcish Mines)

   It reduces the magical energy of the wielder, and disrupts the spells and
   magical abilities of those hit.
   Natural abilities and divine invocations are not affected.
   It protects you from cold.
   It makes you more stealthy.
Missiles
 u - 101 poisoned darts (quivered)
Armour
 n - a +0 buckler (worn)
 t - a +0 plate armour (worn)
 C - a +0 tower shield
 K - a +2 cloak of willpower (worn)
 Q - a +1 hat (worn)
 R - a +2 pair of gloves (worn)
 S - a +0 kite shield
Jewellery
 w - a ring of protection from cold (right hand)
 F - a ring of positive energy (left hand)
 L - a ring of protection from cold
 P - an amulet of regeneration (around neck)
 T - a +6 ring of strength
Wands
 j - a wand of digging (9)
 l - a wand of acid (46)
 p - a wand of mindburst (10)
 q - a wand of flame (105)
 v - a wand of polymorph (29)
 B - a wand of random effects (33)
 E - a wand of iceblast (17)
 H - a wand of paralysis (18)
Scrolls
 d - 11 scrolls of enchant weapon
 e - a scroll of summoning
 f - a scroll of holy word
 r - 6 scrolls of immolation
 s - a scroll of magic mapping
 x - 3 scrolls of silence
 y - 7 scrolls of teleportation
 D - 5 scrolls of enchant armour
 G - 3 scrolls of fear
 I - a scroll of noise
 J - 4 scrolls of fog
 M - 2 scrolls of blinking
 N - 2 scrolls of identify
Potions
 c - 5 potions of flight
 g - 8 potions of ambrosia
 h - 5 potions of lignification
 i - 3 potions of heal wounds
 k - 11 potions of curing
 m - 3 potions of mutation
 o - 2 potions of resistance
 z - 4 potions of magic
 A - 2 potions of berserk rage
 O - 2 potions of haste
 U - 2 potions of cancellation


   Skills:
 - Level 18.0 Fighting
 - Level 20.0 Axes
 - Level 15.0 Armour
 - Level 12.0 Dodging
 * Level 11.8 Shields
 - Level 5.0 Evocations


You had 15 spell levels left.
You didn't know any spells.
Your spell library was empty.

Dungeon Overview and Level Annotations

Branches:
Dungeon (15/15)            Temple (1/1) D:4            Lair (6/6) D:9
 Shoals (0/4) Lair:2        Snake (1/4) Lair:4        Slime (0/5) Lair:6
    Orc (2/2) D:12            Elf (0/3) Orc:2        Vaults (0/5) D:14
 Depths (0/5) D:15         Bailey (visited)           IceCv (1/1)

Altars:
Ashenzari
Cheibriados
Dithmenos
Elyvilon
Fedhas
Gozag
Hepliaklqana
Kikubaaqudgha
Makhleb
Nemelex Xobeh
Okawaru
Qazlal
Ru
Sif Muna
Trog
Uskayaw
Vehumet
Wu Jian
Xom
Yredelemnul
Zin
The Shining One
Beogh
Jiyva
Lugonu

Shops:
D:14 (   Orc:2 (*:[


Innate Abilities, Weirdness & Mutations

You reflexively headbutt those who attack you in melee.
You have a pair of horns on your head.


Message History

The Ice Fiend is heavily wounded.
You hit the death yak simulacrum.
You melt the death yak simulacrum.
You block the death yak simulacrum's attack.
The Ice Fiend gestures at you. The bolt of cold hits you! You resist.
* * * LOW HITPOINT WARNING * * *
You slash the Ice Fiend! You burn the Ice Fiend. You headbutt the Ice Fiend.
The Ice Fiend is severely wounded.
You slice the death yak simulacrum!!
You melt the death yak simulacrum.
The death yak simulacrum vapourises!
Trog accepts your kill.
Unknown command.
You hit the Ice Fiend. You burn the Ice Fiend.
Your headbutt misses the Ice Fiend.
The Ice Fiend is almost dead.
You slice the Ice Fiend like a ripe choko!!!
You burn the Ice Fiend.
You kill the Ice Fiend!
Trog accepts your kill.
You have reached level 16!
You feel stronger.
You slice the iron troll simulacrum!!
You melt the iron troll simulacrum.
You headbutt the iron troll simulacrum!
The iron troll simulacrum vapourises!
Trog accepts your kill. Something appears at your feet!
You see here a +2 battleaxe.
Trog grants you a weapon!
You feel a strong urge to attack something.
Your skin stops crawling.
You feel less strong-willed.
You see here a +2 battleaxe.
You feel your anger nearly subside.
You are no longer berserk.
You are exhausted.
You feel yourself slow down.
You see here a +2 battleaxe.
You slash the death yak simulacrum!
You melt the death yak simulacrum.
The death yak simulacrum is heavily damaged.
The death yak simulacrum gores you.
* * * LOW HITPOINT WARNING * * *
The death yak simulacrum freezes you! You resist.
You die...

≈≈≈≈≈≈≈≈≈##
≈≈≈≈≈≈≈#.#
#≈≈≈≈≈##.##
###≈≈≈≈≈ ##.#
##.##≈≈#≈ ##.#
#...##≈## #..#
#..#...≈.###..#
#..
##.#Z#.#...#
4.Z #.##@.#...#
..Z ##..###..##
1. #.###..## Z
##.##.##
#.##..#
##.##.##
##.##..##
##.####..# #.##
##.#


You could see a death yak simulacrum.

Vanquished Creatures
  Rupert (Orc:2)
  An Ice Fiend (IceCv)
  Agnes (D:15)
  Louise (D:14)
  An orc warlord (Orc:2)
  A very ugly thing (D:11)
  Nessos (D:14)
  Azrael (D:12)
  An ettin (Orc:2)
  Erolcha (D:10)
  2 hydras
  2 ice dragons (D:15)
  2 boulder beetles (D:14)
  Erica (Lair:2)
  4 catoblepae (Lair:6)
  A centaur warrior (D:13)
  3 two-headed ogres
  2 dancing weapons (D:14)
  7 death yaks (Lair:6)
  2 orc high priests
  A tengu warrior (D:13)
  The ghost of Nr616 the Severer, a novice MiGl of Makhleb (D:7)
  Urug (Orc:1)
  2 naga sharpshooters (Snake:1)
  4 skeletal warriors (D:14)
  A glowing orange brain (D:11)
  3 unseen horrors
  A wizard (D:14)
  4 orc knights
  A lindwurm (Lair:4)
  A cyclops (D:11)
  A deep elf pyromancer (D:13)
  4 manticores
  A mana viper (Snake:1)
  2 oklob plants
  12 ugly things
  Joseph (Lair:1)
  5 orc sorcerers
  7 elephants
  6 black mambas
  5 torpor snails
  8 cane toads
  An ice statue (IceCv)
  A rime drake (Lair:4)
  6 komodo dragons
  A redback zombie (D:14)
  An efreet (D:15)
  4 ice devils (IceCv)
  5 freezing wraiths
  A queen bee (Lair:6)
  5 anaconda simulacra (IceCv)
  A queen bee (shapeshifter) (D:11)
  6 polar bears (Lair:4)
  6 meliai
  4 trolls
  A wind drake (Lair:2)
  Grinder (D:3)
  3 hornets
  21 blink frogs
  12 dream sheep
  2 meliai zombies (D:13)
  8 slime creatures
  2 shadows
  2 dire elephant simulacra (IceCv)
  2 vampires
  3 wyverns
  A redback (shapeshifter) (D:11)
  Eustachio (D:5)
  A wraith (D:14)
  5 fire elementals (D:12)
  4 basilisks
  44 yaks
  A steam dragon (Lair:4)
  A neqoxec (D:11)
  6 wargs
  2 death yak simulacra (IceCv)
  5 iron troll simulacra (IceCv)
  3 nagas (Snake:1)
  3 hydra simulacra (IceCv)
  An acid dragon (D:13)
  A hell hound (D:12)
  12 water moccasins
  A hornet zombie (D:15)
  3 ice beasts
  9 ogres
  47 orc warriors
  6 sky beasts
  4 small abominations (D:8)
  3 black bears
  A wolf (Lair:4)
  7 boggarts
  3 eyes of draining
  21 centaurs
  4 phantoms
  3 kobold brigands
  10 bullfrogs
  3 scorpions
  21 killer bees (Lair:6)
  8 wights
  An electric eel (Lair:4)
  4 howler monkeys
  2 centaur zombies
  A wyvern simulacrum (D:14)
  A bullfrog zombie (D:12)
  11 centaur skeletons
  3 draconian simulacra (IceCv)
  9 hounds
  5 jellies
  3 bullfrog skeletons
  21 orc priests
  5 iguanas
  2 spriggan simulacra (IceCv)
  3 troll simulacra (IceCv)
  28 orc wizards
  17 worker ants
  A wolf simulacrum (IceCv)
  8 centaur simulacra (IceCv)
  A hound skeleton (D:7)
  2 howler monkey zombies
  Robin (D:2)
  9 gnolls
  A howler monkey skeleton (D:10)
  17 adders
  2 ogre simulacra (IceCv)
  7 white imps
  3 ufetubi (IceCv)
  14 oozes
  2 adder skeletons
  2 worms (D:5)
  4 dart slugs
  10 leopard geckos
  109 orcs
  4 ball pythons
  12 bats
  11 giant cockroaches
  15 goblins
  20 hobgoblins
  5 quokkas
  7 frilled lizards
  A jackal skeleton (D:6)
  29 kobolds
  5 rats
870 creatures vanquished.

Vanquished Creatures (collateral kills)
  The ghost of highc0 the Impaler, a journeyman MfGl of Fedhas (D:11)
  A harpy (shapeshifter) (D:11)
  A neqoxec (D:11)
3 creatures vanquished.

Vanquished Creatures (others)
  An adder (D:9)
  A white imp (IceCv)
  2 ufetubi (IceCv)
  An orc (Orc:1)
  A bush (Lair:4)
  50 fungi
  52 plants
  7 toadstools (D:4)
115 creatures vanquished.

Grand Total: 988 creatures vanquished

Notes
Turn   | Place    | Note
-------+----------+-------------------------------------------
     0 | D:1      | EldarEldrad the Minotaur Berserker began the quest for the
                  | Orb.
     0 | D:1      | Reached XP level 1. HP: 19/19 MP: 0/0
    87 | D:1      | Reached skill level 4 in Axes
   116 | D:1      | Reached XP level 2. HP: 23/26 MP: 1/1
   286 | D:1      | Reached skill level 5 in Axes
   289 | D:1      | Reached XP level 3. HP: 31/31 MP: 2/2
  1033 | D:2      | Reached skill level 6 in Axes
  1033 | D:2      | Reached XP level 4. HP: 37/39 MP: 3/3
  1101 | D:2      | Reached ** piety under Trog
  2053 | D:2      | Reached XP level 5. HP: 45/45 MP: 4/4
  2165 | D:3      | Reached skill level 7 in Axes
  2349 | D:3      | Noticed a centaur
  2357 | D:3      | Reached *** piety under Trog
  2365 | D:3      | Killed a centaur
  2366 | D:3      | Reached skill level 1 in Shields
  2436 | D:3      | Noticed Robin
  2722 | D:2      | Killed Robin
  2917 | D:3      | Noticed Grinder
  2931 | D:3      | Killed Grinder
  2932 | D:3      | Reached skill level 8 in Axes
  2932 | D:3      | Reached XP level 6. HP: 40/51 MP: 5/5
  3700 | D:3      | Reached XP level 7. HP: 38/57 MP: 6/6
  3829 | D:4      | Reached **** piety under Trog
  3830 | D:4      | Reached skill level 9 in Axes
  4104 | D:4      | Found a staircase to the Ecumenical Temple.
  4112 | Temple   | Entered the Ecumenical Temple
  5244 | D:4      | Reached skill level 10 in Axes
  5345 | D:5      | Entered Level 5 of the Dungeon
  5417 | D:5      | Noticed Eustachio
  5436 | D:5      | Killed Eustachio
  5437 | D:5      | Reached XP level 8. HP: 33/64 MP: 7/7
  5656 | D:5      | Reached skill level 11 in Axes
  6279 | D:5      | Reached ***** piety under Trog
  6357 | D:5      | Reached skill level 12 in Axes
  6582 | D:6      | Found an opulent altar of Gozag.
  6898 | D:6      | Reached skill level 13 in Axes
  7090 | D:6      | Reached XP level 9. HP: 70/70 MP: 8/8
  7575 | D:7      | Found a runed translucent door.
  7578 | D:7      | Noticed Nr616's ghost (novice MiGl)
  7598 | D:7      | Received a gift from Trog
  7947 | D:7      | Reached skill level 5 in Fighting
  7947 | D:7      | Reached skill level 14 in Axes
  8084 | D:7      | Reached skill level 1 in Evocations
  8516 | D:7      | Killed Nr616's ghost
  9164 | D:8      | Found a shadowy altar of Dithmenos.
  9265 | D:8      | Reached XP level 10. HP: 66/81 MP: 9/9
  9415 | D:8      | Found a transporter.
  9522 | D:8      | Found a shimmering altar of Xom.
  9522 | D:8      | Found a stormy altar of Qazlal.
  9527 | D:8      | Found a glowing golden altar of the Shining One.
  9529 | D:8      | Found a sparkling altar of Nemelex Xobeh.
  9530 | D:8      | Found a radiant altar of Vehumet.
  9748 | D:8      | Found a transporter.
  9748 | D:8      | Noticed a red ugly thing
  9750 | D:8      | Found a corrupted altar of Lugonu.
  9750 | D:8      | Noticed a cyan ugly thing
 10606 | D:8      | Killed a cyan ugly thing
 10610 | D:8      | Killed a brown ugly thing
 10722 | D:9      | Identified the +7 broad axe of Ziladudu {flame, rC+ Str+5
                  | Dex+4 Stlth+} (Trog gifted it to you on level 9 of the
                  | Dungeon)
 10722 | D:9      | Received a gift from Trog
 10793 | D:9      | Found a staircase to the Lair.
 11007 | D:9      | Reached skill level 5 in Evocations
 11010 | D:9      | Reached skill level 10 in Armour
 11250 | Lair:1   | Entered Level 1 of the Lair of Beasts
 11319 | Lair:1   | Noticed Joseph
 11336 | Lair:1   | Killed Joseph
 11536 | Lair:1   | Noticed a black mamba
 11548 | Lair:1   | Killed a black mamba
 11549 | Lair:1   | Reached XP level 11. HP: 83/86 MP: 10/10
 12029 | Lair:1   | Noticed an oklob plant
 12060 | Lair:1   | Killed an oklob plant
 12289 | Lair:2   | Noticed Erica
 12300 | Lair:2   | Killed Erica
 12358 | Lair:2   | Reached skill level 5 in Dodging
 12749 | Lair:2   | Found a staircase to the Shoals.
 13781 | Lair:3   | Identified the +5 ring mail of Amorality {Will- Dex+7
                  | Slay+2}
 14360 | Lair:4   | Reached XP level 12. HP: 101/101 MP: 11/11
 14418 | Lair:4   | Reached skill level 10 in Dodging
 15066 | Lair:4   | Found a staircase to the Snake Pit.
 15494 | Lair:4   | Identified the Almanac of Clay and Cold
 15606 | Lair:4   | Reached skill level 15 in Axes
 15982 | Lair:5   | Noticed a seven-headed hydra
 15986 | Lair:5   | Killed a four-headed hydra
 16499 | Lair:5   | Reached XP level 13. HP: 105/112 MP: 12/12
 17145 | Lair:5   | Found a burning altar of Makhleb.
 17246 | Lair:6   | Entered Level 6 of the Lair of Beasts
 17271 | Lair:6   | Reached skill level 10 in Fighting
 17381 | Lair:6   | Reached skill level 16 in Axes
 17909 | Lair:6   | Found a snail-covered altar of Cheibriados.
 18169 | Lair:6   | Found a staircase to the Slime Pits.
 18169 | Lair:6   | Found a viscous altar of Jiyva.
 18836 | Lair:6   | Reached skill level 15 in Armour
 19838 | D:10     | Entered Level 10 of the Dungeon
 19899 | D:10     | Noticed Erolcha
 19905 | D:10     | Killed Erolcha
 19906 | D:10     | Reached XP level 14. HP: 120/122 MP: 13/13
 20137 | D:10     | Found an iron altar of Okawaru.
 20418 | D:10     | Found a flagged portal.
 20436 | Bailey   | Entered a bailey
 20456 | Bailey   | Reached ****** piety under Trog
 20754 | Bailey   | Reached skill level 17 in Axes
 21822 | D:11     | Found a runed translucent gate.
 21822 | D:11     | Found a runed translucent gate.
 21822 | D:11     | Found a runed translucent gate.
 21824 | D:11     | Noticed a purple very ugly thing
 22026 | D:11     | Received a gift from Trog
 22101 | D:11     | Found a shimmering blue altar of Sif Muna.
 22698 | D:12     | Noticed Azrael
 22716 | D:12     | Killed Azrael
 22944 | D:12     | Found a staircase to the Orcish Mines.
 23150 | D:12     | Found a gateway to a bazaar.
 23158 | Bazaar   | Entered a bazaar
 23158 | Bazaar   | Found Soffytz's Jewellery Shoppe.
 23158 | Bazaar   | Found Iguic's Weapon Emporium.
 23159 | Bazaar   | Found Veashoxkiy's Distillery.
 23159 | Bazaar   | Found Jiolli Suon's Antique Weapon Emporium.
 23170 | Bazaar   | Bought a potion of haste for 170 gold pieces
 23194 | Bazaar   | Bought an amulet of regeneration for 390 gold pieces
 23397 | Orc:1    | Entered Level 1 of the Orcish Mines
 23458 | D:12     | Paralysed by an orc sorcerer for 4 turns
 23468 | D:12     | Reached skill level 18 in Axes
 23629 | Orc:1    | Noticed Urug
 23644 | Orc:1    | Killed Urug
 23690 | Orc:1    | Identified the +8 executioner's axe of Proximity {vorpal,
                  | *Slow rC+ Dex+6} (Trog gifted it to you on level 1 of the
                  | Orcish Mines)
 23690 | Orc:1    | Received a gift from Trog
 24052 | Orc:2    | Entered Level 2 of the Orcish Mines
 24509 | Orc:2    | Found a staircase to the Elven Halls.
 24682 | Orc:2    | Noticed Rupert
 24710 | Orc:2    | Killed Rupert
 24711 | Orc:2    | Reached skill level 19 in Axes
 25099 | Orc:2    | Noticed an orc warlord
 25119 | Orc:2    | Received a gift from Trog
 25128 | Orc:2    | Killed an orc warlord
 25168 | Orc:2    | Found a roughly hewn altar of Beogh.
 25188 | Orc:2    | Found Amooguyr's Antique Armour Boutique.
 25223 | Orc:2    | Bought an embroidered cloak for 240 gold pieces
 25223 | Orc:2    | Bought an embroidered hat for 224 gold pieces
 25223 | Orc:2    | Bought a pair of glowing gloves for 240 gold pieces
 25267 | Orc:2    | Found Otibej's General Store.
 25315 | Orc:2    | Found Heirchola's Antique Weapon Boutique.
 25331 | Orc:2    | Found Jumat's Book Boutique.
 25354 | Orc:2    | Bought a shimmering broad axe for 252 gold pieces
 25354 | Orc:2    | Identified the +6 broad axe of Precise Incision {antimagic,
                  | rC+ Stlth+} (You bought it in a shop on level 2 of the
                  | Orcish Mines)
 25371 | Orc:2    | Bought a scroll of blinking for 112 gold pieces
 25371 | Orc:2    | Bought a scroll of identify for 30 gold pieces
 25371 | Orc:2    | Bought a potion of flight for 45 gold pieces
 25371 | Orc:2    | Bought a scroll of enchant weapon for 112 gold pieces
 25372 | Orc:2    | Bought a potion of haste for 150 gold pieces
 25576 | D:13     | Reached XP level 15. HP: 118/132 MP: 14/14
 25762 | D:13     | Reached skill level 20 in Axes
 26532 | D:14     | Found Ycvao's Antique Weapon Boutique.
 26549 | D:14     | Noticed Nessos
 26557 | D:14     | Noticed Louise
 26562 | D:14     | Killed Nessos
 26580 | D:14     | Killed Louise
 26718 | D:14     | Received a gift from Trog
 26719 | D:14     | Reached skill level 15 in Fighting
 26739 | D:14     | Found a blossoming altar of Fedhas.
 26821 | D:14     | Found a gate to the Vaults.
 27298 | D:15     | Entered Level 15 of the Dungeon
 27736 | D:15     | Noticed Agnes
 27749 | D:15     | Killed Agnes
 27962 | D:15     | Found a staircase to the Depths.
 28115 | D:11     | Reached skill level 5 in Shields
 28119 | D:11     | Found a runed translucent gate.
 28119 | D:11     | Found a runed translucent gate.
 28125 | D:11     | Found a runed translucent gate.
 28128 | D:11     | Noticed highc0's ghost (journeyman MfGl)
 28133 | D:11     | Received a gift from Trog
 28139 | D:11     | Killed highc0's ghost
 28311 | Snake:1  | Entered Level 1 of the Snake Pit
 28402 | Snake:1  | Found a frozen archway.
 28415 | IceCv    | Entered an ice cave
 28632 | IceCv    | Reached skill level 10 in Shields
 28848 | IceCv    | Noticed an Ice Fiend
 28875 | IceCv    | HP: 4/149 [Ice Fiend (15)]
 28882 | IceCv    | Killed an Ice Fiend
 28883 | IceCv    | Reached XP level 16. HP: 6/157 MP: 15/15
 28883 | IceCv    | Received a gift from Trog
 28888 | IceCv    | Slain by a death yak simulacrum

Illustrated notes

Levels and vault maps discovered:
D:1:      minmay_arrival_four_houses, layout_rooms, grunt_decor_one_mirror,
          minmay_small_reverse_x
D:2:      minmay_diamond_boxcup, layout_basic, minmay_crystal_room,
          minivault_14, grunt_decor_mini_mirrors, grunt_ministairs_14
D:3:      layout_rooms, uniq_grinder, uniq_robin
D:4:      cheibrodos_fertilizer, layout_cave_pools,
          minmay_temple_entry_drinking_statues, minmay_diced_spiral
D:5:      layout_gridville, cheibrodos_sewer_entry_bend, uniq_eustachio
D:6:      layout_loops_ring, grunt_gozag_statues
D:7:      layout_basic, hellmonk_ghost_happy_afterlife, eino_tiny_chamber
D:8:      gammafunk_corrupted_shrine, layout_rooms,
          grunt_dithmenos_smoke_and_mirrors,
          chequers_temple_overflow_minitemple, serial_corexii_hall,
          chequers_hall_statues_wall_a, corexii_hall_statues_x,
          lemuel_statue_altar
D:9:      layout_big_octagon, lair_entry_dummy,
          amcnicky_mini_rare_corridor_liquid
D:10:     layout_loops_corners, enter_bailey_1, okawaru_ov_weapons_minmay,
          uniq_erolcha
D:11:     layout_small_grid, ploomutoo_gammafunk_ghost_potion_laboratory,
          lemuel_blue_sif_altar
D:12:     layout_cave_pools, orc_david_3, serial_shops, bzr_entry_water,
          uniq_azrael
D:13:     layout_loops_ring
D:14:     layout_loops_ring, erik_vaults_1, serial_shops,
          nicolae_shop_statue_plus, eino_curves_04, fedhas_altar_3, uniq_louise,
          uniq_nessos
D:15:     grunt_enter_depths_hoard, layout_loops_ring,
          hangedman_abyss_or_decor_clamps, minmay_misc_feat_five, uniq_agnes
Temple:   eino_temple_scatter_basement
Lair:1:   wander_river, layout_concentric_octagons, minmay_lair_oklob_items,
          uniq_joseph
Lair:2:   layout_loops_ring, minmay_shoals_entry_beasts, uniq_erica
Lair:3:   layout_gridlike, chequers_serial_rivers_micro_b
Lair:4:   nzn_winding_woodlands_cross [nzn_winding_woodlands_5x15_sidewinder,
          nzn_winding_woodlands_5x15_jagged, nzn_winding_woodlands_5x15_crooked,
          nzn_winding_woodlands_5x15_twine,
          nzn_winding_woodlands_15x15_eel_pit], layout_gridlike,
          nicolae_volcano_entry_vermiform, beast_lair_carwin_1
Lair:5:   layout_layer_cave, lemuel_oklob_altar
Lair:6:   evilmike_catoblepas_cave, layout_loops_ring, slime_altar_1,
          special_room [special_room_bee], kennysheep_snail_temple
Snake:1:  layout_gridlike, portal_ice_cave_entry_frozen_things, uniq_donald
Orc:1:    layout_caves, uniq_urug
Orc:2:    grunt_orc_cross, layout_diamond_mine, uniq_rupert
IceCv:    ice_cave_caverns_02

Skill      XL: |  1  2  3  4  5  6  7  8  9 10 11 12 13 14 15 |
---------------+----------------------------------------------+-----
Axes           | 4 5 6 8 10 13 14 15 16 19 20 | 20.0
Shields        | 3 4 11 | 11.8
Fighting       | 5 7 9 10 12 18 | 18.0
Armour         | 7 11 12 15 | 15.0
Evocations     | 3 5 |  5.0
Dodging        | 4 9 12 | 12.0

Action                   |  1- 3 |  4- 6 |  7- 9 | 10-12 | 13-15 | 16-18 || total
-------------------------+-------+-------+-------+-------+-------+-------++-------
Melee: Hand axe          |    60 |   158 |    10 |       |       |       ||   228
       Headbutt          |    13 |    31 |    75 |   111 |   298 |     1 ||   529
       War axe           |       |       |   282 |   110 |     6 |       ||   398
       Broad axe         |       |       |       |   299 |  1032 |     2 ||  1333
Throw: Dart              |       |       |     4 |       |     8 |       ||    12
Invok: Berserk           |       |     2 |     3 |     3 |     4 |       ||    12
       Trog's Hand       |       |       |     3 |     2 |     9 |       ||    14
       Brothers in Arms  |       |       |     1 |       |     1 |       ||     2
Evoke: Wand              |       |       |       |     1 |       |       ||     1
  Use: Scroll            |       |     9 |     8 |     4 |     8 |       ||    29
       Potion            |       |       |       |       |     2 |       ||     2
 Stab: Sleeping          |       |     1 |       |       |       |       ||     1
       Distracted        |       |       |     1 |       |       |       ||     1
Armor: Animal skin       |     7 |    28 |       |       |       |       ||    35
       Leather armour    |       |     8 |     2 |       |       |       ||    10
       Ring mail         |       |       |    33 |       |       |       ||    33
       Chain mail        |       |       |    17 |    47 |       |       ||    64
       Plate armour      |       |       |       |    87 |   369 |       ||   456
Dodge: Dodged            |    27 |   101 |   105 |   185 |   502 |       ||   920
Block: Buckler           |       |       |    53 |    66 |   170 |       ||   289

Table legend: (Time is in decaauts)
 A = Elapsed time spent in this place.
 B = Non-inter-level travel time spent in this place.
 C = Inter-level travel time spent in this place.
 D = Time resting spent in this place.
 E = Time spent auto-exploring this place.
 F = Levels seen in this place.
 G = Mean time per level.
                   A        B        C        D        E       F      G
               +--------+--------+--------+--------+--------+-----+--------+
         Total |  28714 |  27624 |   1090 |   4721 |  16389 |  28 | 1025.5 |
       Dungeon |  16431 |  15799 |    632 |   3037 |   9360 |  15 | 1095.4 |
        Temple |    185 |    175 |     10 |      0 |    174 |   1 |  185.0 |
          Lair |   8666 |   8305 |    361 |   1283 |   5764 |   6 | 1444.3 |
     Snake Pit |     96 |     96 |      0 |      0 |      1 |   1 |   96.0 |
  Orcish Mines |   1892 |   1807 |     85 |    292 |    625 |   2 |  946.0 |
        Bazaar |     54 |     54 |      0 |      0 |      6 |   1 |   54.0 |
        Bailey |    929 |    929 |      0 |     76 |    396 |   1 |  929.0 |
      Ice Cave |    457 |    457 |      0 |     31 |     62 |   1 |  457.0 |
               +--------+--------+--------+--------+--------+-----+--------+

Top non-repeatable levels by time:
  Lair:6: 2458 daAuts
  Lair:4: 1849 daAuts
     D:2: 1674 daAuts
     D:8: 1532 daAuts
     D:3: 1481 daAuts
     D:7: 1379 daAuts
   Orc:2: 1337 daAuts
  Lair:2: 1326 daAuts
  Lair:5: 1288 daAuts
     D:5: 1212 daAuts
     D:6: 1205 daAuts
     D:4: 1153 daAuts
    D:12: 1008 daAuts
    D:10: 1006 daAuts
    D:13: 984 daAuts
